1831 views
Uploaded 2023-08-12 03:55:36
Game version 1.36 (6115)
25:31 long 4on4 ladder game on (8)ChimneyIsles_S2_v1.3
Saved by GIGA
1831 views
Uploaded 2023-08-12 03:55:36
Game version 1.36 (6115)
25:31 long 4on4 ladder game on (8)ChimneyIsles_S2_v1.3


119 units @ 12.4k
/ 2.2k
208 buildings @ 14.5k
/ 8k
Jgraham2
(30)
(25:20) : 

| Peasant | 16 | 1200 | / | 0 |
| Flying Machine | 14 | 1400 | / | 420 |
| total: | 30 | 2600g | / | 420w |
| Scout Tower | 48 | 1440 | / | 960 |
| Arcane Tower | 3 | 210 | / | 150 |
| Guard Tower | 18 | 1260 | / | 900 |
| Altar of Kings | 1 | 180 | / | 50 |
| Farm | 12 | 960 | / | 240 |
| Lumber Mill | 1 | 120 | / | 0 |
| Town Hall | 1 | 385 | / | 205 |
| Blacksmith | 1 | 140 | / | 60 |
| Workshop | 3 | 420 | / | 420 |
| Keep | 1 | 320 | / | 210 |
| Castle | 1 | 360 | / | 210 |
| total: | 67 | 3645g | / | 1935w |
| 0:08 | Altar of Kings |
| 0:11 | Peasant |
| 0:11 | Peasant |
| 0:11 | Peasant |
| 0:39 | Farm |
| 0:40 | Farm |
| 0:41 | Farm |
| 1:04 | Peasant |
| 1:04 | Peasant |
| 1:04 | Peasant |
| 1:05 | Peasant |
| 1:11 | Scout Tower |
| 1:23 | Peasant |
| 1:23 | Peasant |
| 1:45 | Arcane Tower |
| 1:56 | Scout Tower |
| 1:57 | Scout Tower |
| 2:01 | Scout Tower |
| 2:02 | Scout Tower |
| 2:03 | Scout Tower |
| 2:05 | Peasant |
| 2:05 | Peasant |
| 2:19 | Storm Bolt |
| 2:27 | Peasant |
| 2:27 | Peasant |
| 2:43 | Lumber Mill |
| 3:04 | Scout Tower |
| 3:05 | Scout Tower |
| 3:07 | Scout Tower |
| 4:01 | Guard Tower |
| 4:21 | Peasant |
| 4:21 | Peasant |
| 4:24 | Improved Lumber Harvesting |
| 4:30 | Scout Tower |
| 4:31 | Scout Tower |
| 4:32 | Scout Tower |
| 4:33 | Scout Tower |
| 4:34 | Scout Tower |
| 4:56 | Improved Masonry |
| 5:27 | Keep |
| 5:42 | Guard Tower |
| 6:04 | Guard Tower |
| 6:31 | Guard Tower |
| 6:35 | Scout Tower |
| 6:35 | Scout Tower |
| 6:37 | Scout Tower |
| 6:37 | Scout Tower |
| 6:39 | Scout Tower |
| 7:07 | Town Hall |
| 7:56 | Guard Tower |
| 8:01 | Advanced Masonry |
| 8:11 | Arcane Tower |
| 8:19 | Scout Tower |
| 8:20 | Scout Tower |
| 8:51 | Advanced Lumber Harvesting |
| 8:56 | Scout Tower |
| 9:00 | Scout Tower |
| 9:00 | Scout Tower |
| 9:01 | Scout Tower |
| 9:02 | Scout Tower |
| 9:03 | Scout Tower |
| 9:18 | Guard Tower |
| 9:27 | Peasant |
| 9:34 | Castle |
| 9:43 | Guard Tower |
| 9:47 | Guard Tower |
| 10:28 | Guard Tower |
| 10:35 | Scout Tower |
| 10:35 | Scout Tower |
| 10:36 | Scout Tower |
| 10:37 | Scout Tower |
| 11:07 | Holy Light |
| 11:13 | Guard Tower |
| 11:33 | Scout Tower |
| 11:34 | Scout Tower |
| 11:34 | Scout Tower |
| 11:35 | Scout Tower |
| 11:37 | Guard Tower |
| 11:59 | Imbued Masonry |
| 12:27 | Guard Tower |
| 13:20 | Scout Tower |
| 13:21 | Scout Tower |
| 13:24 | Arcane Tower |
| 13:25 | Guard Tower |
| 14:15 | Guard Tower |
| 14:27 | Scout Tower |
| 14:28 | Scout Tower |
| 14:29 | Scout Tower |
| 14:31 | Scout Tower |
| 14:33 | Scout Tower |
| 14:33 | Scout Tower |
| 14:34 | Scout Tower |
| 14:45 | Guard Tower |
| 15:12 | Guard Tower |
| 15:55 | Blacksmith |
| 16:12 | Guard Tower |
| 16:16 | Scout Tower |
| 16:17 | Scout Tower |
| 16:19 | Scout Tower |
| 16:19 | Scout Tower |
| 16:25 | Farm |
| 16:26 | Farm |
| 16:27 | Farm |
| 16:27 | Farm |
| 17:11 | Workshop |
| 17:15 | Workshop |
| 17:18 | Workshop |
| 17:27 | Farm |
| 17:28 | Farm |
| 17:40 | Black Gunpowder |
| 17:41 | Iron Plating |
| 17:44 | Guard Tower |
| 18:21 | Farm |
| 18:22 | Farm |
| 18:23 | Farm |
| 18:27 | Flying Machine Bombs |
| 18:29 | Flak Cannons |
| 18:54 | Refined Gunpowder |
| 19:36 | Flying Machine |
| 19:36 | Flying Machine |
| 19:36 | Flying Machine |
| 19:36 | Flying Machine |
| 19:36 | Flying Machine |
| 19:36 | Flying Machine |
| 19:36 | Flying Machine |
| 20:07 | Steel Plating |
| 20:09 | Flying Machine |
| 20:09 | Flying Machine |
| 20:33 | Flying Machine |
| 20:33 | Flying Machine |
| 20:56 | Flying Machine |
| 20:56 | Flying Machine |
| 21:16 | Flying Machine |
| 22:18 | Imbued Gunpowder |
| 22:19 | Mithril Plating |
| Right click | 292 |
| Select | 217 |
| Select group | 158 |
| Build/train/purchase | 72 |
| Resource trade | 43 |
| Minimap ping | 14 |
| Assign group | 5 |
| Use ability | 1 |
Cabeelibob
(194)
(25:20) : 
| Healing Salve | 2 | 200 |
| Lesser Clarity Potion | 2 | 140 |
| Orb of Lightning | 1 | 375 |
| Boots of Speed | 1 | 250 |
| Scourge Bone Chimes | 1 | 400 |
| Alleria's Flute of Accuracy | 1 | 400 |
| total: | 8 | 1765g |
| Peon | 16 | 1200 | / | 0 |
| Troll Witch Doctor | 4 | 580 | / | 100 |
| Goblin Shredder | 1 | 375 | / | 100 |
| total: | 21 | 2155g | / | 200w |
| Watch Tower | 23 | 2530 | / | 1840 |
| Altar of Storms | 1 | 180 | / | 50 |
| Orc Burrow | 4 | 640 | / | 160 |
| Voodoo Lounge | 1 | 130 | / | 30 |
| War Mill | 1 | 205 | / | 0 |
| Great Hall | 1 | 385 | / | 185 |
| Spirit Lodge | 1 | 150 | / | 150 |
| Beastiary | 1 | 145 | / | 140 |
| Stronghold | 1 | 315 | / | 190 |
| Fortress | 1 | 325 | / | 190 |
| total: | 33 | 4365g | / | 2555w |
| 0:04 | Altar of Storms |
| 0:07 | Orc Burrow |
| 0:08 | Peon |
| 0:26 | Peon |
| 0:26 | Peon |
| 0:41 | Peon |
| 0:41 | Peon |
| 0:49 | Peon |
| 1:04 | Voodoo Lounge |
| 1:28 | War Mill |
| 1:35 | Peon |
| 1:47 | Peon |
| 2:05 | Peon |
| 2:11 | Orc Burrow |
| 2:38 | Peon |
| 2:38 | Peon |
| 2:45 | Peon |
| 3:14 | Wind Walk |
| 3:20 | Peon |
| 3:20 | Peon |
| 3:53 | Watch Tower |
| 3:57 | Watch Tower |
| 4:00 | Watch Tower |
| 4:04 | Watch Tower |
| 4:30 | Peon |
| 4:30 | Peon |
| 4:48 | Healing Salve |
| 5:02 | Watch Tower |
| 5:04 | Watch Tower |
| 5:10 | Watch Tower |
| 5:40 | Watch Tower |
| 5:47 | Spiked Barricades |
| 6:07 | Goblin Shredder |
| 6:21 | Critical Strike |
| 6:31 | Watch Tower |
| 6:32 | Watch Tower |
| 6:35 | Watch Tower |
| 7:07 | Watch Tower |
| 7:14 | Lesser Clarity Potion |
| 7:16 | Healing Salve |
| 8:49 | Watch Tower |
| 8:51 | Watch Tower |
| 8:51 | Watch Tower |
| 8:57 | Watch Tower |
| 8:58 | Watch Tower |
| 9:02 | Stronghold |
| 9:47 | Lesser Clarity Potion |
| 9:55 | Orc Burrow |
| 10:22 | Watch Tower |
| 10:49 | Watch Tower |
| 10:50 | Watch Tower |
| 12:03 | Spirit Lodge |
| 12:09 | Watch Tower |
| 12:12 | Reinforced Defenses |
| 12:12 | Improved Spiked Barricades |
| 12:27 | Watch Tower |
| 12:46 | Orc Burrow |
| 13:31 | Fortress |
| 14:57 | Scourge Bone Chimes |
| 14:59 | Critical Strike |
| 15:20 | Alleria's Flute of Accuracy |
| 15:43 | Wind Walk |
| 16:14 | Troll Witch Doctor |
| 16:16 | Witch Doctor Adept Training |
| 16:16 | Troll Witch Doctor |
| 16:16 | Troll Witch Doctor |
| 16:17 | Troll Witch Doctor |
| 16:23 | Beastiary |
| 16:41 | Watch Tower |
| 18:57 | Orb of Lightning |
| 19:27 | Boots of Speed |
| 20:41 | Great Hall |
| 21:57 | Critical Strike |
| 22:48 | War Drums Damage Increase |
| 24:04 | Bladestorm |
| Right click | 786 |
| Select | 191 |
| Select group | 118 |
| Misc. action | 79 |
| Resource trade | 75 |
| Build/train/purchase | 71 |
| Chat | 19 |
| Use ability | 16 |
| Item give/drop | 8 |
| Minimap ping | 5 |
| Remove unit | 4 |
| Assign group | 3 |
DudeWhy
(236)
(25:20) : 

| Peasant | 15 | 1125 | / | 0 |
| Mortar Team | 6 | 1080 | / | 420 |
| Siege Engine | 1 | 195 | / | 60 |
| Blue Dragon | 1 | 745 | / | 200 |
| total: | 23 | 3145g | / | 680w |
| Scout Tower | 24 | 720 | / | 480 |
| Arcane Tower | 2 | 140 | / | 100 |
| Guard Tower | 7 | 490 | / | 350 |
| Altar of Kings | 1 | 180 | / | 50 |
| Farm | 7 | 560 | / | 140 |
| Lumber Mill | 1 | 120 | / | 0 |
| Town Hall | 1 | 385 | / | 205 |
| Blacksmith | 1 | 140 | / | 60 |
| Workshop | 3 | 420 | / | 420 |
| Keep | 1 | 320 | / | 210 |
| Castle | 1 | 360 | / | 210 |
| total: | 38 | 2525g | / | 1355w |
| 0:04 | Peasant |
| 0:24 | Altar of Kings |
| 0:25 | Peasant |
| 0:25 | Peasant |
| 0:37 | Peasant |
| 0:45 | Peasant |
| 0:48 | Peasant |
| 0:58 | Peasant |
| 1:02 | Farm |
| 1:04 | Peasant |
| 1:18 | Scout Tower |
| 1:20 | Scout Tower |
| 1:27 | Peasant |
| 1:38 | Lumber Mill |
| 1:41 | Farm |
| 1:42 | Farm |
| 1:56 | Peasant |
| 2:01 | Arcane Tower |
| 2:10 | Scout Tower |
| 2:17 | Peasant |
| 2:31 | Peasant |
| 2:41 | Arcane Tower |
| 2:43 | Scout Tower |
| 2:57 | Peasant |
| 3:15 | Peasant |
| 3:19 | Scout Tower |
| 3:21 | Scout Tower |
| 3:22 | Guard Tower |
| 3:31 | Storm Bolt |
| 4:12 | Town Hall |
| 4:20 | Guard Tower |
| 4:22 | Scout Tower |
| 4:23 | Scout Tower |
| 4:24 | Scout Tower |
| 4:24 | Scout Tower |
| 4:34 | Peasant |
| 4:35 | Improved Masonry |
| 4:36 | Improved Lumber Harvesting |
| 4:37 | Advanced Lumber Harvesting |
| 4:37 | Advanced Masonry |
| 5:55 | Keep |
| 5:57 | Blacksmith |
| 6:02 | Scout Tower |
| 6:02 | Scout Tower |
| 6:03 | Scout Tower |
| 6:03 | Scout Tower |
| 6:19 | Guard Tower |
| 6:45 | Guard Tower |
| 7:16 | Bash |
| 7:16 | Bash |
| 7:17 | Bash |
| 8:00 | Black Gunpowder |
| 8:03 | Scout Tower |
| 8:04 | Scout Tower |
| 8:04 | Scout Tower |
| 8:05 | Scout Tower |
| 8:06 | Scout Tower |
| 8:48 | Castle |
| 8:53 | Workshop |
| 8:54 | Workshop |
| 8:56 | Workshop |
| 8:59 | Guard Tower |
| 9:01 | Scout Tower |
| 9:02 | Scout Tower |
| 10:20 | Guard Tower |
| 10:28 | Flare |
| 10:29 | Mortar Team |
| 10:30 | Mortar Team |
| 11:31 | Flak Cannons |
| 11:31 | Flying Machine Bombs |
| 11:36 | Fragmentation Shards |
| 12:24 | Guard Tower |
| 12:27 | Scout Tower |
| 12:28 | Scout Tower |
| 12:30 | Scout Tower |
| 13:19 | Refined Gunpowder |
| 13:25 | Mortar Team |
| 13:28 | Farm |
| 13:29 | Farm |
| 13:29 | Farm |
| 13:31 | Farm |
| 14:08 | Imbued Masonry |
| 15:04 | Divine Shield |
| 16:26 | Divine Shield |
| 16:29 | Storm Bolt |
| 16:31 | Storm Bolt |
| 16:55 | Mortar Team |
| 16:57 | Siege Engine |
| 16:57 | Barrage |
| 17:19 | Blue Dragon |
| 20:07 | Holy Light |
| 22:29 | Mortar Team |
| 22:29 | Mortar Team |
| 24:29 | Bash |
| 24:32 | Divine Shield |
| 24:33 | Holy Light |
| 24:34 | Divine Shield |
| Right click | 1012 |
| Select group | 595 |
| Select | 233 |
| Misc. action | 80 |
| Resource trade | 76 |
| Build/train/purchase | 74 |
| Use ability | 59 |
| Assign group | 15 |
| Minimap ping | 11 |
| Remove unit | 2 |
| Esc | 2 |



| Peasant | 16 | 1200 | / | 0 |
| Flying Machine | 25 | 2500 | / | 750 |
| Dragonhawk Rider | 4 | 800 | / | 120 |
| total: | 45 | 4500g | / | 870w |
| Scout Tower | 46 | 1380 | / | 920 |
| Arcane Tower | 6 | 420 | / | 300 |
| Guard Tower | 14 | 980 | / | 700 |
| Altar of Kings | 1 | 180 | / | 50 |
| Farm | 14 | 1120 | / | 280 |
| Lumber Mill | 1 | 120 | / | 0 |
| Blacksmith | 2 | 280 | / | 120 |
| Arcane Vault | 1 | 130 | / | 30 |
| Cannon Tower | 2 | 240 | / | 200 |
| Workshop | 3 | 420 | / | 420 |
| Arcane Sanctum | 1 | 150 | / | 140 |
| Gryphon Aviary | 1 | 140 | / | 150 |
| Keep | 1 | 320 | / | 210 |
| Castle | 1 | 360 | / | 210 |
| total: | 70 | 3920g | / | 2110w |
| 0:03 | Peasant |
| 0:03 | Peasant |
| 0:06 | Altar of Kings |
| 0:10 | Farm |
| 0:10 | Farm |
| 0:38 | Peasant |
| 0:38 | Peasant |
| 0:39 | Peasant |
| 0:44 | Peasant |
| 1:19 | Scout Tower |
| 1:22 | Peasant |
| 1:22 | Peasant |
| 1:26 | Lumber Mill |
| 1:57 | Scout Tower |
| 2:02 | Scout Tower |
| 2:04 | Arcane Tower |
| 2:06 | Peasant |
| 2:06 | Peasant |
| 2:06 | Peasant |
| 2:15 | Storm Bolt |
| 2:26 | Scout Tower |
| 2:28 | Arcane Tower |
| 2:31 | Peasant |
| 2:36 | Farm |
| 2:38 | Improved Lumber Harvesting |
| 2:43 | Scout Tower |
| 2:45 | Peasant |
| 2:45 | Peasant |
| 3:00 | Guard Tower |
| 3:02 | Scout Tower |
| 3:05 | Guard Tower |
| 3:15 | Peasant |
| 3:16 | Peasant |
| 3:28 | Guard Tower |
| 3:30 | Scout Tower |
| 3:45 | Guard Tower |
| 3:46 | Scout Tower |
| 3:47 | Scout Tower |
| 3:48 | Scout Tower |
| 3:56 | Improved Masonry |
| 4:21 | Keep |
| 4:28 | Scout Tower |
| 4:29 | Scout Tower |
| 4:40 | Guard Tower |
| 4:42 | Scout Tower |
| 4:42 | Scout Tower |
| 4:43 | Scout Tower |
| 4:45 | Scout Tower |
| 4:46 | Scout Tower |
| 4:47 | Scout Tower |
| 4:48 | Scout Tower |
| 4:49 | Scout Tower |
| 4:50 | Scout Tower |
| 4:53 | Scout Tower |
| 4:54 | Scout Tower |
| 4:55 | Scout Tower |
| 4:55 | Scout Tower |
| 4:56 | Scout Tower |
| 4:57 | Scout Tower |
| 5:32 | Guard Tower |
| 5:48 | Guard Tower |
| 6:02 | Arcane Tower |
| 6:08 | Blacksmith |
| 6:39 | Blacksmith |
| 6:45 | Farm |
| 7:09 | Castle |
| 7:14 | Black Gunpowder |
| 7:18 | Workshop |
| 7:20 | Workshop |
| 7:21 | Workshop |
| 7:25 | Guard Tower |
| 8:00 | Scout Tower |
| 8:01 | Scout Tower |
| 8:02 | Scout Tower |
| 8:02 | Scout Tower |
| 8:08 | Guard Tower |
| 8:11 | Scout Tower |
| 8:12 | Scout Tower |
| 8:20 | Scout Tower |
| 8:20 | Scout Tower |
| 8:21 | Scout Tower |
| 8:24 | Holy Light |
| 8:38 | Guard Tower |
| 8:50 | Guard Tower |
| 8:54 | Farm |
| 8:56 | Flying Machine |
| 8:56 | Flying Machine |
| 8:59 | Flak Cannons |
| 9:01 | Refined Gunpowder |
| 9:03 | Iron Plating |
| 9:09 | Scout Tower |
| 9:10 | Scout Tower |
| 9:10 | Scout Tower |
| 9:14 | Scout Tower |
| 9:15 | Scout Tower |
| 9:16 | Scout Tower |
| 9:20 | Scout Tower |
| 9:21 | Scout Tower |
| 9:22 | Scout Tower |
| 9:24 | Scout Tower |
| 9:26 | Cannon Tower |
| 9:34 | Advanced Masonry |
| 9:43 | Arcane Tower |
| 9:44 | Arcane Tower |
| 9:45 | Guard Tower |
| 9:48 | Arcane Sanctum |
| 9:58 | Farm |
| 9:59 | Farm |
| 10:01 | Farm |
| 10:08 | Steel Plating |
| 10:12 | Flying Machine Bombs |
| 10:24 | Guard Tower |
| 10:40 | Cannon Tower |
| 10:41 | Guard Tower |
| 10:47 | Brilliance Aura |
| 10:51 | Flying Machine |
| 10:55 | Farm |
| 10:57 | Farm |
| 11:06 | Holy Light |
| 11:16 | Magic Sentry |
| 11:20 | Flying Machine |
| 11:20 | Flying Machine |
| 11:21 | Flying Machine |
| 11:27 | Imbued Gunpowder |
| 11:29 | Mithril Plating |
| 11:32 | Gryphon Aviary |
| 11:34 | Arcane Vault |
| 11:37 | Sorceress Adept Training |
| 11:40 | Farm |
| 11:52 | Arcane Tower |
| 12:20 | Flying Machine |
| 12:21 | Flying Machine |
| 12:21 | Flying Machine |
| 12:21 | Flying Machine |
| 12:21 | Flying Machine |
| 12:21 | Flying Machine |
| 12:51 | Cloud |
| 12:54 | Farm |
| 12:57 | Farm |
| 13:00 | Farm |
| 13:14 | Flying Machine |
| 15:48 | Storm Bolt |
| 15:53 | Divine Shield |
| 18:13 | Blizzard |
| 18:30 | Dragonhawk Rider |
| 18:30 | Dragonhawk Rider |
| 18:30 | Dragonhawk Rider |
| 18:30 | Dragonhawk Rider |
| 18:36 | Flying Machine |
| 18:36 | Flying Machine |
| 18:36 | Flying Machine |
| 18:36 | Flying Machine |
| 18:36 | Flying Machine |
| 19:48 | Flying Machine |
| 19:48 | Flying Machine |
| 19:48 | Flying Machine |
| 19:48 | Flying Machine |
| 19:49 | Flying Machine |
| 20:47 | Flying Machine |
| 20:47 | Flying Machine |
| 25:20 | Brilliance Aura |
| 25:26 | Holy Light |
| 25:26 | Divine Shield |
| 25:29 | Bash |
| Right click | 1466 |
| Select group | 1172 |
| Select | 413 |
| Build/train/purchase | 104 |
| Minimap ping | 45 |
| Assign group | 22 |
| Use ability | 8 |
| Resource trade | 7 |
| Misc. action | 1 |
| Remove unit | 1 |
195 units @ 27.1k
/ 3.3k
74 buildings @ 11.3k
/ 5k


| Lesser Clarity Potion | 1 | 70 |
| total: | 1 | 70g |
| Wisp | 17 | 1020 | / | 0 |
| Archer | 3 | 390 | / | 30 |
| Huntress | 5 | 975 | / | 100 |
| Glaive Thrower | 2 | 420 | / | 130 |
| Goblin Shredder | 1 | 375 | / | 100 |
| total: | 28 | 3180g | / | 360w |
| Moon Well | 6 | 1080 | / | 240 |
| Ancient of War | 2 | 300 | / | 120 |
| Altar of Elders | 1 | 180 | / | 50 |
| Ancient of Wonders | 1 | 90 | / | 30 |
| Hunter's Hall | 1 | 210 | / | 100 |
| Tree of Life | 3 | 1020 | / | 555 |
| Tree of Ages | 1 | 320 | / | 180 |
| Tree of Eternity | 1 | 330 | / | 200 |
| total: | 14 | 2880g | / | 1095w |
| 0:03 | Wisp |
| 0:03 | Wisp |
| 0:04 | Wisp |
| 0:21 | Wisp |
| 0:24 | Moon Well |
| 0:48 | Ancient of War |
| 0:52 | Wisp |
| 0:52 | Wisp |
| 0:57 | Altar of Elders |
| 1:00 | Wisp |
| 1:23 | Wisp |
| 1:37 | Moon Well |
| 1:47 | Wisp |
| 1:47 | Wisp |
| 1:53 | Ancient of Wonders |
| 1:55 | Archer |
| 1:57 | Archer |
| 2:14 | Wisp |
| 2:23 | Moon Well |
| 2:37 | Ancient of War |
| 2:54 | Wisp |
| 3:12 | Fan of Knives |
| 3:26 | Tree of Ages |
| 3:44 | Archer |
| 3:46 | Lesser Clarity Potion |
| 4:09 | Hunter's Hall |
| 4:34 | Shadow Strike |
| 4:42 | Moon Well |
| 4:48 | Moon Well |
| 5:16 | Huntress |
| 6:06 | Huntress |
| 6:41 | Fan of Knives |
| 6:51 | Moon Well |
| 6:52 | Goblin Shredder |
| 7:22 | Tree of Life |
| 7:27 | Moon Glaive |
| 8:04 | Huntress |
| 8:36 | Shadow Strike |
| 9:31 | Huntress |
| 10:04 | Huntress |
| 10:49 | Scout |
| 11:04 | Wisp |
| 11:04 | Wisp |
| 11:04 | Wisp |
| 11:04 | Wisp |
| 11:08 | Wisp |
| 11:37 | Vorpal Blades |
| 12:23 | Glaive Thrower |
| 13:03 | Tree of Eternity |
| 13:13 | Glaive Thrower |
| 14:06 | Strength of the Moon |
| 14:06 | Strength of the Wild |
| 14:07 | Ultravision |
| 14:07 | Moon Armor |
| 14:08 | Reinforced Hides |
| 14:35 | Tree of Life |
| 14:41 | Tree of Life |
| 15:20 | Shadow Strike |
| Right click | 299 |
| Select | 194 |
| Build/train/purchase | 59 |
| Misc. action | 32 |
| Chat | 19 |
| Use ability | 14 |
| Minimap ping | 1 |

| Claws of Attack +6 | 1 | 125 |
| total: | 1 | 125g |
| Wisp | 10 | 600 | / | 0 |
| Archer | 13 | 1690 | / | 130 |
| Hippogryph | 10 | 1600 | / | 200 |
| Glaive Thrower | 3 | 630 | / | 195 |
| Goblin Shredder | 1 | 375 | / | 100 |
| total: | 37 | 4895g | / | 625w |
| Moon Well | 5 | 900 | / | 200 |
| Altar of Elders | 2 | 360 | / | 100 |
| Ancient of War | 1 | 150 | / | 60 |
| Hunter's Hall | 1 | 210 | / | 100 |
| Ancient of Wind | 2 | 300 | / | 280 |
| Chimaera Roost | 1 | 140 | / | 190 |
| Tree of Ages | 1 | 320 | / | 180 |
| Tree of Eternity | 1 | 330 | / | 200 |
| total: | 12 | 2060g | / | 930w |
| 0:18 | Wisp |
| 0:18 | Wisp |
| 0:18 | Wisp |
| 0:25 | Wisp |
| 0:34 | Moon Well |
| 0:50 | Altar of Elders |
| 0:53 | Altar of Elders |
| 1:02 | Wisp |
| 1:02 | Wisp |
| 1:02 | Wisp |
| 1:02 | Wisp |
| 1:03 | Wisp |
| 1:05 | Wisp |
| 1:24 | Moon Well |
| 1:44 | Ancient of War |
| 2:05 | Moon Well |
| 2:44 | Hunter's Hall |
| 2:57 | Searing Arrows |
| 2:59 | Archer |
| 2:59 | Archer |
| 3:00 | Archer |
| 3:13 | Tree of Ages |
| 3:17 | Archer |
| 3:48 | Archer |
| 3:48 | Archer |
| 4:09 | Strength of the Moon |
| 4:41 | Archer |
| 4:41 | Archer |
| 4:46 | Trueshot Aura |
| 5:08 | Goblin Shredder |
| 5:18 | Moon Well |
| 5:36 | Improved Bows |
| 6:05 | Ancient of Wind |
| 6:06 | Ancient of Wind |
| 6:08 | Improved Strength of the Moon |
| 6:53 | Searing Arrows |
| 7:07 | Tree of Eternity |
| 7:54 | Moon Armor |
| 8:01 | Hippogryph |
| 8:03 | Hippogryph |
| 8:05 | Hippogryph |
| 8:41 | Archer |
| 8:42 | Archer |
| 8:46 | Moon Well |
| 9:04 | Hippogryph |
| 9:25 | Archer |
| 9:31 | Marksmanship |
| 9:51 | Advanced Strength of the Moon |
| 10:05 | Hippogryph |
| 10:07 | Archer |
| 10:24 | Archer |
| 11:55 | Claws of Attack +6 |
| 12:09 | Glaive Thrower |
| 12:49 | Vorpal Blades |
| 12:51 | Glaive Thrower |
| 12:53 | Improved Moon Armor |
| 12:55 | Ultravision |
| 12:56 | Strength of the Wild |
| 12:59 | Chimaera Roost |
| 13:56 | Glaive Thrower |
| 15:10 | Trueshot Aura |
| 15:26 | Hippogryph |
| 15:27 | Hippogryph |
| 15:27 | Hippogryph |
| 15:27 | Hippogryph |
| 15:29 | Hippogryph |
| Right click | 338 |
| Select | 165 |
| Assign group | 61 |
| Build/train/purchase | 60 |
| Select group | 42 |
| Resource trade | 15 |
| Misc. action | 10 |
| Remove unit | 2 |


| Potion of Healing | 2 | 300 |
| Scroll of Town Portal | 2 | 700 |
| total: | 4 | 1000g |
| Wisp | 21 | 1260 | / | 0 |
| Archer | 42 | 5460 | / | 420 |
| Hippogryph | 39 | 6240 | / | 780 |
| Chimaera | 6 | 1980 | / | 420 |
| total: | 108 | 14940g | / | 1620w |
| Altar of Elders | 1 | 180 | / | 50 |
| Moon Well | 8 | 1440 | / | 320 |
| Ancient of War | 1 | 150 | / | 60 |
| Hunter's Hall | 1 | 210 | / | 100 |
| Ancient of Wonders | 1 | 90 | / | 30 |
| Tree of Life | 4 | 1360 | / | 740 |
| Ancient of Wind | 2 | 300 | / | 280 |
| Chimaera Roost | 2 | 280 | / | 380 |
| Tree of Ages | 1 | 320 | / | 180 |
| Tree of Eternity | 1 | 330 | / | 200 |
| total: | 20 | 4010g | / | 1960w |
| 0:05 | Wisp |
| 0:05 | Wisp |
| 0:05 | Wisp |
| 0:05 | Wisp |
| 0:16 | Altar of Elders |
| 0:25 | Moon Well |
| 0:43 | Ancient of War |
| 1:12 | Wisp |
| 1:12 | Wisp |
| 1:12 | Wisp |
| 1:12 | Wisp |
| 1:30 | Moon Well |
| 1:38 | Wisp |
| 1:38 | Wisp |
| 1:47 | Archer |
| 2:04 | Archer |
| 2:08 | Wisp |
| 2:25 | Force of Nature |
| 2:30 | Archer |
| 2:33 | Wisp |
| 2:33 | Wisp |
| 2:49 | Moon Well |
| 3:19 | Tree of Ages |
| 3:46 | Hunter's Hall |
| 3:54 | Archer |
| 3:54 | Archer |
| 4:01 | Ancient of Wonders |
| 4:03 | Entangling Roots |
| 4:44 | Moon Well |
| 5:05 | Strength of the Moon |
| 5:06 | Moon Armor |
| 5:08 | Archer |
| 5:08 | Archer |
| 5:08 | Archer |
| 5:24 | Moon Well |
| 5:45 | Ancient of Wind |
| 5:47 | Thorns Aura |
| 6:06 | Ancient of Wind |
| 6:08 | Improved Bows |
| 6:34 | Tree of Life |
| 7:55 | Hippogryph |
| 7:55 | Hippogryph |
| 7:56 | Hippogryph |
| 8:02 | Scout |
| 8:22 | Potion of Healing |
| 8:22 | Scroll of Town Portal |
| 8:36 | Hippogryph |
| 8:39 | Wisp |
| 8:39 | Wisp |
| 9:26 | Wisp |
| 9:27 | Wisp |
| 9:27 | Wisp |
| 9:32 | Archer |
| 9:32 | Archer |
| 9:32 | Archer |
| 9:33 | Archer |
| 10:18 | Moon Well |
| 10:38 | Hippogryph |
| 10:41 | Thorns Aura |
| 11:24 | Tree of Eternity |
| 11:30 | Hippogryph |
| 11:32 | Archer |
| 11:32 | Archer |
| 11:33 | Archer |
| 11:48 | Thorns Aura |
| 12:17 | Moon Well |
| 13:14 | Moon Well |
| 13:36 | Hippogryph |
| 13:36 | Hippogryph |
| 13:37 | Hippogryph |
| 13:37 | Hippogryph |
| 13:53 | Chimaera Roost |
| 14:06 | Chimaera Roost |
| 14:58 | Searing Arrows |
| 15:27 | Hippogryph |
| 15:27 | Hippogryph |
| 15:27 | Hippogryph |
| 15:40 | Corrosive Breath |
| 15:40 | Chimaera |
| 15:40 | Chimaera |
| 15:57 | Potion of Healing |
| 15:58 | Scroll of Town Portal |
| 16:25 | Chimaera |
| 16:25 | Chimaera |
| 16:45 | Tree of Life |
| 16:48 | Archer |
| 16:48 | Archer |
| 16:48 | Archer |
| 16:48 | Archer |
| 16:48 | Archer |
| 17:18 | Wisp |
| 17:19 | Wisp |
| 17:19 | Wisp |
| 17:36 | Chimaera |
| 17:36 | Chimaera |
| 18:05 | Hippogryph |
| 18:05 | Hippogryph |
| 18:05 | Hippogryph |
| 18:10 | Searing Arrows |
| 18:15 | Hippogryph |
| 18:15 | Hippogryph |
| 18:15 | Hippogryph |
| 18:16 | Hippogryph |
| 18:16 | Hippogryph |
| 19:32 | Hippogryph |
| 19:32 | Hippogryph |
| 19:32 | Hippogryph |
| 19:36 | Trueshot Aura |
| 19:37 | Trueshot Aura |
| 20:36 | Archer |
| 20:36 | Archer |
| 20:36 | Archer |
| 20:36 | Archer |
| 20:37 | Archer |
| 20:37 | Marksmanship |
| 20:38 | Archer |
| 21:04 | Archer |
| 21:04 | Archer |
| 21:08 | Hippogryph |
| 21:08 | Hippogryph |
| 21:08 | Hippogryph |
| 21:08 | Hippogryph |
| 21:13 | Archer |
| 21:14 | Archer |
| 21:14 | Archer |
| 21:14 | Archer |
| 21:14 | Archer |
| 21:14 | Archer |
| 21:15 | Archer |
| 21:28 | Tree of Life |
| 22:01 | Archer |
| 22:01 | Archer |
| 22:12 | Hippogryph |
| 22:13 | Hippogryph |
| 22:13 | Hippogryph |
| 22:13 | Hippogryph |
| 22:17 | Hippogryph |
| 22:17 | Hippogryph |
| 22:18 | Hippogryph |
| 22:18 | Hippogryph |
| 22:18 | Hippogryph |
| 24:31 | Hippogryph |
| 24:31 | Hippogryph |
| 24:51 | Tree of Life |
| 25:09 | Archer |
| 25:09 | Archer |
| 25:09 | Archer |
| 25:10 | Archer |
| 25:10 | Archer |
| Select group | 720 |
| Right click | 486 |
| Select | 337 |
| Build/train/purchase | 153 |
| Assign group | 46 |
| Use ability | 30 |
| Misc. action | 9 |
| Resource trade | 5 |
| Item give/drop | 3 |
| Minimap ping | 2 |

| Scroll of Regeneration | 3 | 300 |
| Lesser Clarity Potion | 4 | 280 |
| Orb of Fire | 1 | 325 |
| Scroll of Town Portal | 2 | 700 |
| Staff of Teleportation | 2 | 300 |
| Potion of Invisibility | 1 | 100 |
| Wand of Illusion | 1 | 150 |
| Ring of the Archmagi | 1 | 0 |
| Scepter of Mastery | 2 | 0 |
| total: | 17 | 2155g |
| Peasant | 6 | 450 | / | 0 |
| Footman | 2 | 270 | / | 0 |
| Rifleman | 3 | 615 | / | 90 |
| Gryphon Rider | 8 | 2240 | / | 560 |
| Sorceress | 2 | 310 | / | 40 |
| Blue Dragon Whelp | 1 | 215 | / | 20 |
| total: | 22 | 4100g | / | 710w |
| Scout Tower | 10 | 300 | / | 200 |
| Guard Tower | 11 | 770 | / | 550 |
| Altar of Kings | 1 | 180 | / | 50 |
| Barracks | 1 | 160 | / | 60 |
| Farm | 9 | 720 | / | 180 |
| Blacksmith | 1 | 140 | / | 60 |
| Arcane Vault | 2 | 260 | / | 60 |
| Lumber Mill | 1 | 120 | / | 0 |
| Gryphon Aviary | 2 | 280 | / | 300 |
| Arcane Sanctum | 1 | 150 | / | 140 |
| Keep | 2 | 640 | / | 420 |
| Castle | 2 | 720 | / | 420 |
| total: | 28 | 2310g | / | 1050w |
| 0:06 | Peasant |
| 0:06 | Peasant |
| 0:06 | Peasant |
| 0:24 | Altar of Kings |
| 0:39 | Barracks |
| 0:55 | Farm |
| 1:00 | Peasant |
| 1:02 | Peasant |
| 1:04 | Peasant |
| 1:39 | Farm |
| 1:43 | Footman |
| 1:43 | Footman |
| 1:51 | Blacksmith |
| 2:19 | Farm |
| 2:31 | Summon Bear |
| 3:09 | Rifleman |
| 3:09 | Rifleman |
| 3:31 | Arcane Vault |
| 4:01 | Lumber Mill |
| 4:09 | Summon Hawk |
| 4:20 | Iron Forged Swords |
| 4:20 | Studded Leather Armor |
| 4:32 | Rifleman |
| 4:40 | Farm |
| 4:42 | Scroll of Regeneration |
| 4:42 | Lesser Clarity Potion |
| 4:42 | Lesser Clarity Potion |
| 4:51 | Improved Lumber Harvesting |
| 4:52 | Advanced Lumber Harvesting |
| 5:00 | Scout Tower |
| 5:40 | Guard Tower |
| 5:49 | Farm |
| 5:53 | Summon Bear |
| 5:53 | Summon Bear |
| 5:57 | Staff of Teleportation |
| 6:11 | Scout Tower |
| 6:17 | Scroll of Regeneration |
| 6:23 | Scroll of Regeneration |
| 6:29 | Arcane Vault |
| 6:31 | Improved Masonry |
| 6:31 | Advanced Masonry |
| 6:37 | Scout Tower |
| 6:43 | Scout Tower |
| 6:59 | Scout Tower |
| 7:06 | Guard Tower |
| 7:42 | Keep |
| 8:22 | Guard Tower |
| 9:35 | Guard Tower |
| 9:51 | Lesser Clarity Potion |
| 10:06 | Scout Tower |
| 10:11 | Steel Forged Swords |
| 10:12 | Castle |
| 10:14 | Imbued Masonry |
| 10:21 | Scout Tower |
| 10:33 | Reinforced Leather Armor |
| 10:56 | Ring of the Archmagi |
| 11:03 | Guard Tower |
| 11:09 | Scout Tower |
| 11:21 | Gryphon Aviary |
| 12:11 | Scout Tower |
| 12:12 | Guard Tower |
| 12:24 | Gryphon Aviary |
| 12:27 | Farm |
| 12:30 | Potion of Invisibility |
| 12:32 | Staff of Teleportation |
| 12:40 | Guard Tower |
| 12:43 | Scout Tower |
| 13:13 | Guard Tower |
| 13:28 | Blue Dragon Whelp |
| 13:56 | Gryphon Rider |
| 13:56 | Gryphon Rider |
| 15:09 | Mithril Forged Swords |
| 15:12 | Gryphon Rider |
| 15:12 | Gryphon Rider |
| 15:47 | Lesser Clarity Potion |
| 15:50 | Orb of Fire |
| 17:15 | Storm Hammers |
| 17:16 | Gryphon Rider |
| 17:16 | Gryphon Rider |
| 17:16 | Gryphon Rider |
| 17:16 | Gryphon Rider |
| 17:30 | Wand of Illusion |
| 18:21 | Guard Tower |
| 18:30 | Farm |
| 18:32 | Farm |
| 18:34 | Farm |
| 19:03 | Scepter of Mastery |
| 19:03 | Scepter of Mastery |
| 19:19 | Summon Hawk |
| 20:01 | Dragonhide Armor |
| 20:51 | Arcane Sanctum |
| 21:28 | Sorceress Adept Training |
| 21:34 | Sorceress |
| 22:23 | Scroll of Town Portal |
| 22:23 | Scroll of Town Portal |
| 24:18 | Sorceress |
| 24:18 | Sorceress Master Training |
| Right click | 753 |
| Select | 452 |
| Build/train/purchase | 124 |
| Use ability | 15 |
| Minimap ping | 13 |
| Item give/drop | 6 |
| Misc. action | 1 |
⇛